[Event "Titled Tuesday Blitz August 1 Early 2023"]
[White "Naroditsky, Daniel"]
[Black "Rustemov, Alexander"]
[WhiteFideId "2026961"]
[BlackFideId "4119002"]
[WhiteElo "3091"]
[BlackElo "2844"]
[Result "1-0"]
[Round "9"]
[TimeControl "180+1"]
[Date "2023.08.01"]
[WhiteClock "0:00:03"]
[BlackClock "0:00:00"]
[Board "13"]

1. Nf3 d5 2. e3 Nf6 3. c4 c6 4. Nc3 a6 5. Qc2 b5 6. b3 Bg4 7. Ne5 e6 8. Nxg4 Nxg4 9. Be2 Nf6 10. Bb2 Nbd7 11. O-O Bd6 12. d4 O-O 13. Rac1 Qe7 14. Bd3 Ba3 15. Bxa3 Qxa3 16. e4 dxc4 17. bxc4 e5 18. d5 b4 19. Nb1 Qa5 20. Nd2 Nc5 21. Nb3 Qb6 22. Kh1 a5 23. f4 Nfd7 24. Rb1 exf4 25. e5 Nxd3 26. Qxd3 Nxe5 27. Qe4 Rfe8 28. Qxf4 cxd5 29. cxd5 Rad8 30. Rbd1 a4 31. Nd2 Rxd5 32. Nc4 Qe6 33. Rxd5 Qxd5 34. Nxe5 Rxe5 35. Qxb4 Qc6 36. Qb8+ Re8 37. Qa7 Rf8 38. Qd4 h6 39. h3 Rc8 40. Qf4 Rf8 41. Qd4 a3 42. Rf2 Qe6 43. Qf4 Qd5 44. Kh2 Ra8 45. Qg3 Rd8 46. Qxa3 Qd6+ 47. Qxd6 Rxd6 48. a4 Ra6 49. Ra2 f5 50. Kg3 g5 51. Kf3 Kf7 52. Ke3 Ke6 53. Kd4 f4 54. Kc5 Kf5 55. a5 h5 56. Kb5 Ra8 57. a6 g4 58. hxg4+ hxg4 59. Kb6 f3 60. g3 Ke4 61. Ra4+ Ke3 62. Rxg4 Kf2 63. Kb7 Rh8 64. Rg7 Kg2 65. g4 Kg3 66. g5 f2 67. Rf7 Rg8 68. a7 Kg2 69. a8=Q 1-0


[Site "https://www.chess.com"]

[Event "Titled Tuesday Blitz August 1 Early 2023"]
[White "Kramnik, Vladimir"]
[Black "Harvey, Marcus R"]
[WhiteFideId "4101588"]
[BlackFideId "400092"]
[WhiteElo "2976"]
[BlackElo "2809"]
[Result "1-0"]
[Round "9"]
[TimeControl "180+1"]
[Date "2023.08.01"]
[WhiteClock "0:01:08"]
[BlackClock "0:00:24"]
[Board "14"]

1. e4 c5 2. Nf3 d6 3. d4 cxd4 4. Nxd4 Nf6 5. Nc3 a6 6. Bc4 e6 7. Be3 b5 8. Bb3 Be7 9. a3 O-O 10. f3 Nbd7 11. Nc6 Qe8 12. Qd2 Nc5 13. Nxe7+ Qxe7 14. Ba2 Rb8 15. Rd1 Ne8 16. O-O a5 17. b4 axb4 18. axb4 Nd7 19. Ne2 Ne5 20. Nd4 Qc7 21. Qe1 Nc4 22. Qc3 Nxe3 23. Qxe3 e5 24. Ne2 Be6 25. Bb3 Qb6 26. Kf2 Bxb3 27. cxb3 f5 28. Qxb6 Rxb6 29. exf5 Rxf5 30. Nc3 Nc7 31. Rd3 Rf4 32. Rfd1 Rxb4 33. Rxd6 Rxd6 34. Rxd6 Rxb3 35. Rd8+ Kf7 36. Rd7+ Kf8 37. Rxc7 b4 38. Ne4 Rb2+ 39. Kg3 h6 40. Nc5 Rb1 41. Ne6+ Ke8 42. Nxg7+ Kd8 43. Ne6+ Ke8 44. Kg4 b3 45. Kf5 1-0


[Site "https://www.chess.com"]

[Event "Titled Tuesday Blitz August 1 Early 2023"]
[White "Hovhannisyan, Robert"]
[Black "Kaczur, Florian"]
[WhiteFideId "13302507"]
[BlackFideId "705098"]
[WhiteElo "2961"]
[BlackElo "2779"]
[Result "0-1"]
[Round "9"]
[TimeControl "180+1"]
[Date "2023.08.01"]
[WhiteClock "0:00:00"]
[BlackClock "0:00:36"]
[Board "15"]

1. e4 c5 2. Nf3 Nc6 3. d4 cxd4 4. Nxd4 Qb6 5. Nxc6 Qxc6 6. Bd3 d6 7. Nc3 Bd7 8. O-O Nf6 9. Bg5 Qc5 10. Bxf6 gxf6 11. Nd5 h5 12. b4 Qc8 13. c4 Bg7 14. Rc1 e6 15. Nf4 Bh6 16. Nxh5 Bxc1 17. Nxf6+ Ke7 18. Qxc1 Kxf6 19. c5 dxc5 20. Qf4+ Ke7 21. e5 Qf8 22. h3 Qh6 23. Qc4 b6 24. Be4 Rag8 25. Rd1 Qxh3 26. Kf1 Qg4 27. Rxd7+ Kxd7 28. Qd3+ Ke8 29. Bc6+ Kf8 30. Qd8+ Kg7 31. Qf6+ Kh7 32. Bf3 Qg6 33. Qf4 Kg7 34. Be4 Qh6 35. Qg3+ Kf8 36. Qd3 Qf4 37. g3 Qc1+ 38. Ke2 Qb2+ 39. Kf3 Qxe5 40. bxc5 bxc5 41. Kg2 Kg7 0-1


[Site "https://www.chess.com"]

[Event "Titled Tuesday Blitz August 1 Early 2023"]
[White "Movahed, Sina"]
[Black "Aradhya, Garg"]
[WhiteFideId "42520835"]
[BlackFideId "25006746"]
[WhiteElo "2948"]
[BlackElo "2768"]
[Result "1-0"]
[Round "9"]
[TimeControl "180+1"]
[Date "2023.08.01"]
[WhiteClock "0:00:42"]
[BlackClock "0:00:40"]
[Board "16"]

1. Nf3 d5 2. g3 c5 3. Bg2 Nf6 4. O-O g6 5. b3 Bg7 6. Bb2 O-O 7. c4 d4 8. b4 cxb4 9. Bxd4 Nc6 10. Bb2 Qc7 11. d3 e5 12. Nbd2 Rd8 13. Ng5 h6 14. Nge4 Nxe4 15. Nxe4 b6 16. c5 Be6 17. Rc1 Bd5 18. a3 bxa3 19. Bxa3 b5 20. Nd6 Bxg2 21. Kxg2 Nd4 22. Bb2 Qc6+ 23. Kg1 Ne6 24. Qb3 a6 25. f4 exf4 26. Bxg7 Kxg7 27. Rxf4 Rxd6 28. Qb2+ Rd4 29. Rxd4 Nxd4 30. Qxd4+ Kg8 31. e4 a5 32. Qd5 Qxd5 33. exd5 Kf8 34. d6 Ke8 35. c6 Kd8 36. Rf1 Ra6 37. c7+ Kc8 38. Rf6 Ra8 39. Rxf7 Kb7 40. c8=Q+ Kxc8 41. Rf8+ Kb7 42. Rxa8 Kxa8 43. d7 Kb7 44. d8=Q a4 45. Qa5 Kc6 46. Kf2 Kc5 47. Ke3 Kc6 48. Kd4 h5 49. Qa6+ Kc7 50. Kc5 Kd7 51. Qd6+ Kc8 52. Kc6 1-0


[Site "https://www.chess.com"]

[Event "Titled Tuesday Blitz August 1 Early 2023"]
[White "Zemlyanskii, Ivan"]
[Black "Ning, Kaiyu"]
[WhiteFideId "24249971"]
[BlackFideId "8614750"]
[WhiteElo "2935"]
[BlackElo "2765"]
[Result "1/2-1/2"]
[Round "9"]
[TimeControl "180+1"]
[Date "2023.08.01"]
[WhiteClock "0:00:00"]
[BlackClock "0:00:08"]
[Board "17"]

1. d4 Nf6 2. c4 e6 3. Bf4 d5 4. Nc3 Bb4 5. Qa4+ Nc6 6. e3 O-O 7. Nf3 Ne4 8. Qc2 Nxc3 9. bxc3 Bd6 10. Bg3 Bxg3 11. hxg3 h6 12. g4 dxc4 13. Bxc4 Na5 14. Bd3 f6 15. O-O b6 16. Nh4 Rf7 17. Bh7+ Kh8 18. Be4 Bb7 19. Ng6+ Kg8 20. Nf4 e5 21. Ng6 exd4 22. cxd4 Bxe4 23. Qxe4 Qe8 24. Qf3 Rd8 25. Rac1 c6 26. Rfd1 Rfd7 27. Nf4 Qf7 28. Rc2 Rd6 29. Qe2 c5 30. d5 g5 31. Nh5 Rxd5 32. Rxd5 Rxd5 33. Qf3 Rd6 34. Qa8+ Kh7 35. Qe4+ Kg8 36. f4 Nc6 37. Rf2 c4 38. fxg5 hxg5 39. Qf5 Ne5 40. Nxf6+ Qxf6 41. Qxf6 Rxf6 42. Rxf6 Nxg4 43. Rc6 Ne5 44. Rc7 b5 45. e4 b4 46. Kf2 a5 47. Ke3 a4 48. Rc5 b3 49. axb3 cxb3 50. Kd4 b2 51. Rb5 a3 52. Kc3 Ng4 53. Kc2 Ne3+ 54. Kb1 Kf7 55. Ka2 Nxg2 56. Kxa3 Kf6 57. Kxb2 Ne3 58. Kc3 g4 59. Kd4 Nc2+ 60. Kd3 Na3 61. Rb3 g3 62. Rxa3 g2 63. Ra1 Ke5 64. Rg1 Kf4 65. Rxg2 Kf3 66. Re2 Kf4 67. e5 Kf3 1/2-1/2


[Site "https://www.chess.com"]

[Event "Titled Tuesday Blitz August 1 Early 2023"]
[White "Djordjevic, Vuk"]
[Black "Zhigalko, Sergei"]
[WhiteFideId "902098"]
[BlackFideId "13502956"]
[WhiteElo "2760"]
[BlackElo "2897"]
[Result "0-1"]
[Round "9"]
[TimeControl "180+1"]
[Date "2023.08.01"]
[WhiteClock "0:00:02"]
[BlackClock "0:00:12"]
[Board "18"]

1. d4 Nf6 2. Bg5 d5 3. Bxf6 exf6 4. e3 Bd6 5. c4 dxc4 6. Bxc4 O-O 7. Nc3 Nd7 8. Nf3 f5 9. O-O Nf6 10. Rb1 c6 11. Qc2 Qe7 12. Rfd1 Bd7 13. a3 Ne4 14. Bf1 Rad8 15. g3 Rfe8 16. Bg2 g6 17. Ne1 h5 18. Nd3 h4 19. Nxe4 fxe4 20. Nc5 Bf5 21. b4 b6 22. Nb3 Rc8 23. Rdc1 Qg5 24. Qe2 Bg4 25. Qf1 Kg7 26. Nd2 hxg3 27. Nxe4 gxf2+ 28. Nxf2 Qxe3 29. Rxc6 Be2 30. Qc1 Bxh2+ 31. Kxh2 Qxf2 32. Rxc8 Bf3 33. Qg1 Qh4+ 34. Bh3 Re2+ 35. Qg2 Rxg2+ 36. Kh1 Qxh3# 0-1


[Site "https://www.chess.com"]

[Event "Titled Tuesday Blitz August 1 Early 2023"]
[White "Dau Khuong Duy"]
[Black "Matinian, Nikita"]
[WhiteFideId "12424722"]
[BlackFideId "24129100"]
[WhiteElo "2881"]
[BlackElo "2758"]
[Result "1-0"]
[Round "9"]
[TimeControl "180+1"]
[Date "2023.08.01"]
[WhiteClock "0:00:32"]
[BlackClock "0:00:01"]
[Board "19"]

1. e4 c5 2. Nf3 e6 3. d4 cxd4 4. Nxd4 Nc6 5. Nc3 Nf6 6. g4 Nxd4 7. Qxd4 Nxg4 8. Rg1 Nf6 9. Bg5 h6 10. Be3 Qa5 11. a3 e5 12. Qd3 a6 13. O-O-O d6 14. f4 Be6 15. fxe5 dxe5 16. Nd5 Bxd5 17. exd5 Rd8 18. Bg2 Bc5 19. b4 Bxe3+ 20. Qxe3 Qc7 21. d6 Qd7 22. Qxe5+ Kf8 23. Bh3 Qe8 24. Qe7+ Kg8 25. Qxf6 Rh7 26. Bf5 g6 27. Bxg6 Rg7 28. Bh7+ 1-0


[Site "https://www.chess.com"]

[Event "Titled Tuesday Blitz August 1 Early 2023"]
[White "Kovalenko, Igor"]
[Black "Brodowski, Piotr"]
[WhiteFideId "14117908"]
[BlackFideId "1124480"]
[WhiteElo "2861"]
[BlackElo "2726"]
[Result "1-0"]
[Round "9"]
[TimeControl "180+1"]
[Date "2023.08.01"]
[WhiteClock "0:01:41"]
[BlackClock "0:00:02"]
[Board "20"]

1. c4 e5 2. Nc3 Nc6 3. g3 Bc5 4. Bg2 a6 5. a3 Ba7 6. b4 d6 7. e3 Nge7 8. Bb2 O-O 9. Nge2 Be6 10. Nd5 f5 11. d3 Rb8 12. Qd2 b5 13. Rc1 bxc4 14. dxc4 Ng6 15. O-O Nce7 16. Kh1 c6 17. Nxe7+ Nxe7 18. f4 e4 19. Nd4 Bd7 20. Nb3 Nc8 21. c5 Be6 22. Qc3 Rf7 23. Na5 Bd5 24. Rfd1 Rc7 25. Bh3 dxc5 26. Nxc6 cxb4 27. Qe5 Qd6 28. Rxd5 Qxe5 29. Rd8+ Kf7 30. Nxe5+ Ke7 31. Rxc7+ Kxd8 32. Rxa7 bxa3 33. Nc6+ Ke8 34. Nxb8 1-0


[Site "https://www.chess.com"]

[Event "Titled Tuesday Blitz August 1 Early 2023"]
[White "Materia, Marco"]
[Black "Shtembuliak, Evgeny"]
[WhiteFideId "45150451"]
[BlackFideId "14113325"]
[WhiteElo "2718"]
[BlackElo "2859"]
[Result "0-1"]
[Round "9"]
[TimeControl "180+1"]
[Date "2023.08.01"]
[WhiteClock "0:00:45"]
[BlackClock "0:01:09"]
[Board "21"]

1. d4 g6 2. c4 Bg7 3. Nc3 d6 4. Nf3 Nc6 5. h3 e5 6. d5 Nce7 7. e4 f5 8. Bd3 Nf6 9. Qe2 O-O 10. Bd2 c6 11. dxc6 bxc6 12. O-O Nh5 13. c5 fxe4 14. Bxe4 d5 15. Bc2 e4 16. Nh2 Nf5 17. Qd1 Ba6 18. g4 Bxf1 19. Nxf1 Nd4 20. gxh5 Qh4 21. Be3 Nf3+ 22. Kg2 d4 23. Nxe4 dxe3 24. hxg6 exf2 25. gxh7+ Kh8 26. Nxf2 Rae8 27. Ng3 Be5 28. Nf5 Rxf5 29. Bxf5 Qg3+ 30. Kf1 Bd4 31. Ne4 Rxe4 32. Bxe4 Qf2# 0-1


[Site "https://www.chess.com"]

[Event "Titled Tuesday Blitz August 1 Early 2023"]
[White "Rasulov, Vugar"]
[Black "Agibileg, Uurtsaikh"]
[WhiteFideId "13402390"]
[BlackFideId "4901606"]
[WhiteElo "2856"]
[BlackElo "2708"]
[Result "0-1"]
[Round "9"]
[TimeControl "180+1"]
[Date "2023.08.01"]
[WhiteClock "0:00:15"]
[BlackClock "0:00:18"]
[Board "22"]

1. Nf3 Nf6 2. c4 g6 3. b4 Bg7 4. Bb2 O-O 5. e3 d6 6. Be2 a5 7. b5 e5 8. d3 a4 9. O-O Nbd7 10. Na3 Nc5 11. d4 exd4 12. exd4 Nce4 13. d5 Bg4 14. h3 Bxf3 15. Bxf3 Nc5 16. Nc2 Nfd7 17. Bxg7 Kxg7 18. Re1 Qf6 19. Ne3 h5 20. Bxh5 gxh5 21. Qxh5 Rh8 22. Qg4+ Kf8 23. Rad1 Ne5 24. Qd4 Re8 25. f4 Ned7 26. Qxf6 Nxf6 27. Kf2 Nfe4+ 28. Kf3 f6 29. Nf5 Kf7 30. Re3 Rh5 31. Nd4 f5 32. b6 cxb6 33. Re2 Rg8 34. Ke3 Nc3 35. Rg1 Rg3+ 36. Nf3 Nxe2 37. Kxe2 Ne4 38. Ke3 Rh8 39. Kd4 Rc8 40. h4 Kf6 41. h5 Rh8 42. Rb1 Rxg2 43. Rxb6 Rxa2 44. Rxb7 Rf2 45. Ne5 dxe5+ 46. fxe5+ Kg5 47. Rg7+ Kf4 48. e6 Rd2# 0-1


[Site "https://www.chess.com"]

[Event "Titled Tuesday Blitz August 1 Early 2023"]
[White "Iskusnyh, Sergei"]
[Black "Kazakouski, Valery"]
[WhiteFideId "4120027"]
[BlackFideId "13507443"]
[WhiteElo "2655"]
[BlackElo "2852"]
[Result "0-1"]
[Round "9"]
[TimeControl "180+1"]
[Date "2023.08.01"]
[WhiteClock "0:00:03"]
[BlackClock "0:00:41"]
[Board "23"]

1. d4 Nf6 2. c4 e6 3. g3 d5 4. Bg2 dxc4 5. Nf3 c6 6. a4 Bb4+ 7. Bd2 a5 8. O-O Bxd2 9. Qxd2 Ne4 10. Qc2 Nd6 11. Na3 b5 12. Ne5 Ra6 13. b3 cxb3 14. Qxb3 b4 15. Nc2 O-O 16. Rfd1 Bb7 17. Ne1 Nd7 18. Rac1 Nf6 19. Nxc6 Qa8 20. d5 exd5 21. Nd4 Nde4 22. Nd3 Rc8 23. Rxc8+ Qxc8 24. Rc1 Nc3 25. Nxb4 axb4 26. Qxb4 Rxa4 27. Qxc3 Qxc3 28. Rxc3 Rxd4 29. Rc7 Rb4 30. Bf3 g5 31. h3 Kg7 32. Kg2 h5 33. e3 g4 34. hxg4 hxg4 35. Be2 d4+ 0-1


[Site "https://www.chess.com"]

[Event "Titled Tuesday Blitz August 1 Early 2023"]
[White "Souleidis, Georgios"]
[Black "Mitrabha, Guha"]
[WhiteFideId "4206827"]
[BlackFideId "5057000"]
[WhiteElo "2562"]
[BlackElo "2848"]
[Result "0-1"]
[Round "9"]
[TimeControl "180+1"]
[Date "2023.08.01"]
[WhiteClock "0:00:00"]
[BlackClock "0:00:17"]
[Board "24"]

1. e4 c6 2. d4 d5 3. e5 Bf5 4. h4 h5 5. c4 e6 6. Nc3 dxc4 7. Bxc4 Nd7 8. Nf3 Bg4 9. Bg5 Be7 10. Ne4 Qa5+ 11. Kf1 Nb6 12. Bb3 Nc8 13. Qd3 Nh6 14. Bxe7 Kxe7 15. Qe3 Nf5 16. Qg5+ Kf8 17. Nc5 Nce7 18. Qf4 Bxf3 19. gxf3 b6 20. Ne4 Rh6 21. Ng5 Rd8 22. Rd1 Qb4 23. Kg2 Rxd4 24. Rxd4 Qxd4 25. Qc1 Nxh4+ 26. Kh3 Nhf5 27. Rd1 Qh4+ 28. Kg2 Nd5 29. Nh3 Rg6+ 30. Kh2 Kg8 31. Qxc6 Nf4 0-1


[Site "https://www.chess.com"]

[Event "Titled Tuesday Blitz August 1 Early 2023"]
[White "Galchenko, Matvey"]
[Black "Mamedov, Edgar"]
[WhiteFideId "24175480"]
[BlackFideId "13739980"]
[WhiteElo "2883"]
[BlackElo "2648"]
[Result "1-0"]
[Round "9"]
[TimeControl "180+1"]
[Date "2023.08.01"]
[WhiteClock "0:00:09"]
[BlackClock "0:00:01"]
[Board "25"]

1. f4 d5 2. Nf3 c5 3. g3 Nc6 4. Bg2 g6 5. O-O Bg7 6. d3 Bg4 7. Nc3 Bxf3 8. Bxf3 e6 9. Bg2 Nge7 10. e4 O-O 11. h3 Rb8 12. a4 a6 13. g4 f5 14. Qe1 Nd4 15. Rf2 b5 16. axb5 axb5 17. e5 b4 18. Nd1 fxg4 19. hxg4 g5 20. f5 exf5 21. Bxg5 fxg4 22. Ra7 Ndc6 23. Ra6 Qc8 24. Rxc6 Nxc6 25. Bxd5+ Kh8 26. Rxf8+ Bxf8 27. Bf6+ Bg7 28. Bxg7+ Kxg7 29. Qe3 h6 30. Qf4 Nd4 31. Qf6+ Kh7 32. Be4+ Kg8 33. Bd5+ Kh7 34. Be4+ Kg8 35. Qg6+ Kf8 36. Qxh6+ Ke8 37. Qh8+ Kd7 38. Qg7+ Ke8 39. Qg8+ Ke7 40. Qg7+ Ke8 41. Ne3 Ne6 42. Qg8+ Kd7 43. Qf7+ Kd8 44. Bf5 Qd7 45. Qf6+ Kc7 46. Qxe6 Qd4 47. Qd6+ Qxd6 48. exd6+ Kxd6 49. Bxg4 b3 50. c3 Ra8 51. Kf2 Ra2 52. Nc4+ Kc6 53. Bd1 Ra1 54. Bxb3 Kb5 55. Ke3 Re1+ 56. Kd2 Rh1 57. Bd1 Rh2+ 58. Be2 Rg2 59. Nd6+ Kc6 60. Nf5 Rh2 61. Ne3 Rh1 62. Bf3+ 1-0


[Site "https://www.chess.com"]

[Event "Titled Tuesday Blitz August 1 Early 2023"]
[White "Vakhlamov, Igor L."]
[Black "JeRoma71"]
[WhiteFideId "24126748"]
[WhiteElo "2728"]
[BlackElo "2876"]
[Result "1-0"]
[Round "9"]
[TimeControl "180+1"]
[Date "2023.08.01"]
[WhiteClock "0:00:07"]
[BlackClock "0:00:00"]
[Board "26"]

1. e4 a6 2. d4 b5 3. Nf3 Bb7 4. Bd3 Nf6 5. e5 Nd5 6. O-O e6 7. Re1 Be7 8. Nbd2 d6 9. Ne4 Nd7 10. exd6 cxd6 11. c3 h6 12. a4 Bc6 13. axb5 axb5 14. Rxa8 Qxa8 15. Qe2 Qb7 16. Ng3 N7f6 17. Bd2 g5 18. b3 Rg8 19. c4 bxc4 20. bxc4 Nf4 21. Qf1 Nxg2 22. Rb1 Bxf3 23. Rxb7 Bxb7 24. Qb1 Bc6 25. d5 exd5 26. Qb6 Nh4 27. Qxc6+ Kf8 28. Qc8+ Kg7 29. Nf5+ Kh8 30. Qc7 Bd8 31. Qxd6 Nf3+ 32. Kg2 Nxd2 33. Nxh6 Nde4 34. Qe5 Re8 35. Qf5 Kg7 36. Ng4 dxc4 37. Bxe4 Nxe4 38. Ne5 Bf6 39. Ng4 Re6 40. Nxf6 Nxf6 41. Qxg5+ Kh7 42. Qh4+ Kg6 43. Qxc4 Re4 44. Qc3 Kg5 45. Qd2+ Kf5 46. f3 Re5 47. Qd3+ Ke6 48. h4 Nd5 49. Qc4 Kf6 50. Kg3 Ne3 51. Qf4+ Ke6 52. Kf2 Nf5 53. Qc4+ Kf6 54. Qf4 Ke6 55. Qg4 Kd5 56. h5 Ne3 57. Qd7+ Kc4 58. Qc7+ Kd3 59. Qxe5 Nd1+ 60. Kg3 1-0


[Site "https://www.chess.com"]

[Event "Titled Tuesday Blitz August 1 Early 2023"]
[White "Amilal Munkhdalai"]
[Black "Harshavardhan G B"]
[WhiteFideId "4903250"]
[BlackFideId "25059009"]
[WhiteElo "2727"]
[BlackElo "2866"]
[Result "0-1"]
[Round "9"]
[TimeControl "180+1"]
[Date "2023.08.01"]
[WhiteClock "0:00:06"]
[BlackClock "0:00:17"]
[Board "27"]

1. e3 e5 2. b3 Nc6 3. Bb2 d6 4. c4 g6 5. Nc3 Bg7 6. g3 Nge7 7. Bg2 O-O 8. Nge2 Be6 9. Nd5 Qd7 10. d3 Rac8 11. h3 Nd8 12. Nxe7+ Qxe7 13. O-O c5 14. Nc3 Nc6 15. Nd5 Qd7 16. Kh2 f5 17. Qd2 h5 18. h4 Ne7 19. f4 Rce8 20. fxe5 dxe5 21. e4 Rf7 22. Rf2 Ref8 23. Raf1 Kh7 24. Qe3 b6 25. Nxe7 Qxe7 26. exf5 Bxf5 27. Be4 Qe6 28. Bd5 Qd6 29. Bxf7 Rxf7 30. Re1 Re7 31. Rfe2 Bg4 32. Rf2 Qd7 33. Qg5 Re6 34. Bxe5 Bh6 35. Qf6 Rxf6 36. Bxf6 Bf8 37. Bg5 Bd6 38. Ref1 Bf5 39. Re1 Bf8 40. Rfe2 Qxd3 41. Re8 Bd6 42. Bf4 g5 43. hxg5 h4 44. Bxd6 Qxd6 45. R1e7+ Kg6 46. Rg8+ Kh5 47. Rh8+ Kg4 48. Rxh4+ Kxg5 49. Rg7+ Bg6 50. Rf4 Qe6 51. Kg2 Qe2+ 52. Kh3 Kh6 53. Rg8 Qe6+ 54. Kh4 Qxg8 0-1


[Site "https://www.chess.com"]

[Event "Titled Tuesday Blitz August 1 Early 2023"]
[White "Papasimakopoulos, Alexandros"]
[Black "Timofeev, Artyom"]
[WhiteFideId "4244125"]
[BlackFideId "4140419"]
[WhiteElo "2723"]
[BlackElo "2849"]
[Result "0-1"]
[Round "9"]
[TimeControl "180+1"]
[Date "2023.08.01"]
[WhiteClock "0:01:56"]
[BlackClock "0:02:29"]
[Board "28"]

1. d4 d6 2. Nf3 Nf6 3. c4 Nbd7 4. Nc3 e5 5. Bg5 Be7 6. e3 O-O 7. Qc2 c6 8. Bd3 h6 9. Bh4 Re8 10. dxe5 dxe5 11. O-O-O Qc7 12. g4 Nxg4 13. Bxe7 Rxe7 14. Rhg1 Nc5 15. Bf5 Nf6 16. Bxc8 Qxc8 17. Qf5 Qxf5 18. a3 Nb3# 0-1


[Site "https://www.chess.com"]

[Event "Titled Tuesday Blitz August 1 Early 2023"]
[White "Do Valle Cardoso, Lucas"]
[Black "Ter-Sahakyan, Samvel"]
[WhiteFideId "2163144"]
[BlackFideId "13302531"]
[WhiteElo "2676"]
[BlackElo "2837"]
[Result "0-1"]
[Round "9"]
[TimeControl "180+1"]
[Date "2023.08.01"]
[WhiteClock "0:00:02"]
[BlackClock "0:00:06"]
[Board "29"]

1. e4 c5 2. Nf3 e6 3. d4 cxd4 4. Nxd4 Nf6 5. Nc3 Nc6 6. Be2 Bb4 7. O-O Bxc3 8. bxc3 Nxe4 9. Bd3 Nf6 10. Ba3 Nxd4 11. cxd4 d6 12. Qf3 O-O 13. Qg3 Ne8 14. c4 Bd7 15. Rfd1 b6 16. c5 Rc8 17. Rac1 Ba4 18. Re1 Qd7 19. cxd6 Nf6 20. Ba6 Rc6 21. Qe5 Nd5 22. h4 h6 23. h5 Rd8 24. Rxc6 Bxc6 25. Rc1 Bb5 26. Rc7 Nxc7 27. dxc7 Bxa6 28. cxd8=Q+ Qxd8 29. Bd6 Bb7 30. a3 Qc8 31. Bb8 Qc6 32. Qg3 a6 33. Kh2 f6 34. Qg6 Qd7 35. Bc7 Qxc7+ 36. g3 Qe7 0-1


[Site "https://www.chess.com"]

[Event "Titled Tuesday Blitz August 1 Early 2023"]
[White "Koellner, Ruben Gideon"]
[Black "Krzyzanowski, Marcin"]
[WhiteFideId "12993093"]
[BlackFideId "1132199"]
[WhiteElo "2722"]
[BlackElo "2792"]
[Result "1-0"]
[Round "9"]
[TimeControl "180+1"]
[Date "2023.08.01"]
[WhiteClock "0:00:12"]
[BlackClock "0:00:04"]
[Board "30"]

1. d4 Nf6 2. Nf3 g6 3. Nbd2 d5 4. e3 Bg7 5. b4 O-O 6. c4 c6 7. a4 Bf5 8. Bb2 Nbd7 9. Be2 Ne4 10. O-O Re8 11. Nxe4 dxe4 12. Nd2 h5 13. h3 Nf6 14. b5 h4 15. a5 a6 16. bxc6 bxc6 17. Qa4 Qc8 18. Rfb1 g5 19. Ba3 g4 20. hxg4 Bxg4 21. Qd1 Qf5 22. Bxg4 Nxg4 23. Qe2 Rad8 24. Rb6 e5 25. d5 cxd5 26. cxd5 Rxd5 27. Rb4 Nf6 28. Nf1 h3 29. Ng3 Qg6 30. gxh3 Red8 31. Rb2 Nh5 32. Qxh5 Qc6 33. Rbb1 Rxa5 34. Be7 Rxa1 35. Rxa1 Re8 36. Bg5 Re6 37. Nf5 Bf8 38. Rd1 Rg6 39. Rd8 Qf6 40. Qxg6+ Qxg6 41. Ne7+ Kg7 42. Nxg6 fxg6 43. Bh6+ Kxh6 44. Rxf8 Kg5 45. Ra8 Kh4 46. Kg2 g5 47. Rxa6 g4 48. hxg4 Kg5 49. Re6 Kh4 50. Rh6+ Kg5 51. Rh5+ Kxg4 52. Rh8 Kg5 53. Kg3 Kf5 54. Rh5+ Kf6 55. Rh4 1-0


[Site "https://www.chess.com"]

[Event "Titled Tuesday Blitz August 1 Early 2023"]
[White "Rastbod, Ali"]
[Black "Bauman_Guy"]
[WhiteFideId "12567477"]
[WhiteElo "2670"]
[BlackElo "2790"]
[Result "0-1"]
[Round "9"]
[TimeControl "180+1"]
[Date "2023.08.01"]
[WhiteClock "0:00:00"]
[BlackClock "0:00:10"]
[Board "31"]

1. Nf3 d5 2. c4 c6 3. g3 Nf6 4. Bg2 Bg4 5. Qb3 Qb6 6. d3 Nbd7 7. Be3 Qc7 8. Nc3 e6 9. Rc1 Qb8 10. cxd5 Nxd5 11. Bd4 e5 12. Nxd5 exd4 13. Nxd4 cxd5 14. Bxd5 Bc5 15. Bxf7+ Ke7 16. Ne6 Bb6 17. h3 Rf8 18. Nxf8 Qxf8 19. Qb4+ Kxf7 20. Qxg4 Qd6 21. O-O Re8 22. Qh5+ Kf8 23. e3 Nf6 24. Qf5 g6 25. Qf3 Kg7 26. d4 h5 27. Kg2 h4 28. g4 Bc7 29. Rh1 Ne4 30. Qe2 Rf8 31. f4 Ng3 32. Qc4 Rf7 33. Rhe1 Re7 34. d5 g5 35. Qd4+ Kg8 36. Rxc7 Rxc7 37. Qe5 Rc2+ 38. Kf3 Qxe5 39. fxe5 Rd2 40. d6 Kf7 41. Rc1 Ke6 42. Rc7 Kxe5 43. Rxb7 Kxd6 44. Rxa7 Rxb2 45. Ra6+ Ke7 46. Rg6 Nf1 47. Ke4 Rh2 48. Rxg5 Rxh3 49. Kf4 Nxe3 50. Rh5 Ng2+ 51. Kg5 Ra3 52. Rh7+ Kf8 53. Kf6 Ra6+ 54. Kg5 Kg8 55. Rh5 Ra5+ 56. Kg6 Rxh5 57. gxh5 h3 0-1


[Site "https://www.chess.com"]

[Event "Titled Tuesday Blitz August 1 Early 2023"]
[White "Remizov, Yaroslav"]
[Black "Manukyan, Sargis A."]
[WhiteFideId "34134015"]
[BlackFideId "13303970"]
[WhiteElo "2789"]
[BlackElo "2648"]
[Result "1-0"]
[Round "9"]
[TimeControl "180+1"]
[Date "2023.08.01"]
[WhiteClock "0:00:12"]
[BlackClock "0:00:32"]
[Board "32"]

1. e4 c5 2. Nc3 d6 3. d4 cxd4 4. Qxd4 Nc6 5. Qd2 g6 6. b3 Bh6 7. f4 Nf6 8. Bb2 O-O 9. O-O-O e5 10. g3 exf4 11. gxf4 Nh5 12. Nd5 Be6 13. Ne2 Bxd5 14. exd5 Ne5 15. Kb1 Qh4 16. Qb4 Rfd8 17. Rd4 Nf3 18. Rd3 Ne5 19. Rh3 Qg4 20. Rg1 a5 21. Rxg4 axb4 22. fxe5 dxe5 23. Rxh5 Rxd5 24. Rxh6 Rd1+ 25. Nc1 Rxf1 26. Bxe5 Re8 27. Bb2 Ree1 28. Rgh4 f6 29. Rxh7 b5 30. Rh8+ Kf7 31. R4h7+ Ke6 32. Re8+ Kf5 33. Rxe1 Rxe1 34. Rf7 g5 35. Rxf6+ Kg4 36. Rb6 Kh4 37. Rxb5 g4 38. Rxb4 Kh3 39. Bc3 Rg1 40. Bd4 Rh1 41. Be5 Re1 42. Bg3 Re2 43. Rc4 Rd2 44. a4 Rd1 45. a5 Rf1 46. a6 Rd1 47. a7 Rf1 48. Kb2 Rf8 49. Bb8 Rf2 50. a8=Q Rd2 51. Qc6 Rf2 52. Qh6+ Kg2 53. Rxg4+ Kh1 54. Qc6+ Rf3 55. Qxf3# 1-0


[Site "https://www.chess.com"]

[Event "Titled Tuesday Blitz August 1 Early 2023"]
[White "Guerra Tulcan, Lenin"]
[Black "djokovic74"]
[WhiteFideId "3601382"]
[WhiteElo "2647"]
[BlackElo "2766"]
[Result "1/2-1/2"]
[Round "9"]
[TimeControl "180+1"]
[Date "2023.08.01"]
[WhiteClock "0:00:07"]
[BlackClock "0:00:03"]
[Board "33"]

1. e4 e6 2. d4 d5 3. Nd2 dxe4 4. Nxe4 Bd7 5. Nf3 Bc6 6. Bd3 Nd7 7. O-O Ngf6 8. Re1 Be7 9. b3 Bxe4 10. Bxe4 Nxe4 11. Rxe4 Nf6 12. Rh4 O-O 13. Bb2 Rc8 14. c4 c6 15. Qc2 h6 16. Re1 Qc7 17. Qc1 Nh7 18. Rg4 Nf6 19. Rg3 Kh7 20. Ne5 Bd6 21. Rf3 Bxe5 22. dxe5 Nd7 23. g4 Nb6 24. g5 h5 25. Qc2+ g6 26. Rf6 Rcd8 27. Re3 Nd7 28. Rf4 Nc5 29. Ref3 Kg7 30. Ba3 b6 31. Bxc5 bxc5 32. Rd3 Rxd3 33. Qxd3 Qxe5 34. Qg3 Qc7 35. Kg2 Rd8 36. Qe3 Qd6 37. Qf3 Rd7 38. Qc3+ Kg8 39. Qf6 Qe7 40. Qe5 Qd6 41. Re4 Qd3 42. Qb8+ Kg7 43. Qe5+ Kg8 44. Qb8+ Kh7 45. Rf4 Kg7 46. Qe5+ Kg8 47. Qxc5 Qd6 48. Qe3 e5 49. Rf6 Qd4 50. Qf3 e4 51. Qf4 Re7 52. Qe3 Qe5 53. Qf4 Qxf4 54. Rxf4 Re5 55. h4 Kf8 56. Kf1 Ke7 57. Ke2 a6 58. Ke3 Ra5 59. Rxe4+ Kd7 60. a4 Rf5 61. f4 Kd6 62. Kd4 Kc7 63. b4 Kd7 64. a5 Kc7 65. Re7+ Kd6 66. Re4 Kd7 67. Ke3 Kd6 68. Rd4+ Kc7 69. Ke4 c5 70. bxc5 Rxc5 71. Rd5 Rxc4+ 72. Ke5 Ra4 73. Rc5+ Kd7 74. Rd5+ Ke7 75. Rc5 Kd7 76. Rd5+ Ke7 77. Rc5 Rb4 78. Rc7+ Kf8 79. Rc8+ Kg7 80. Rc5 Ra4 81. Rd5 Rb4 82. Rc5 Ra4 83. Rd5 Kg8 84. Rd8+ Kg7 85. Rd5 1/2-1/2


[Site "https://www.chess.com"]